[ PARTIDA AOE2 · #483402144 ]
1v1 RMJemeres vs Tupi
Equipo del jugador · DERR
Equipo rival · VICT
[ ANÁLISIS DE REPETICIÓN · EXTRAÍDO DE LA PARTIDA GRABADA ]
Feudal
10:59
Castillos
13:46
Imperial
43:24
| APM promedio | 27.2 |
| APM pico | 58 |
| eAPM promedio | 18.7 |
| Aldeanos / militares | 201 / 134 |
Foco
⚔️ 21.0% · 🌾 79.0%
Scout Cavalry ×61 · Knight ×32 · Ballista Elephant ×21 · Skirmisher ×14 · Battle Elephant ×4 · Battering Ram ×2
Feudal
9:21
Castillos
22:22
Imperial
39:14
| APM promedio | 30.5 |
| APM pico | 72 |
| eAPM promedio | 16.4 |
| Aldeanos / militares | 166 / 43 |
Foco
⚔️ 29.5% · 🌾 70.5%
Unknown (2579) ×78 · Archer ×24 · Unknown (2550) ×11 · Monk ×9 · Trebuchet (Packed) ×5 · Spearman ×3
Mapa de la partida
Recursos iniciales + cada clic de construcción. Líneas = muros · curvas = relieve. ◆ oro · ⬟ piedra · ● bayas · ✦ reliquia · ◌ hueco del cierre
Tu base· Abierta — flanco sin cerrar
Base de TmZ_Zanat· ✓ Cerrada en 22:22 · 37t muro · sin puerta
Terreno inicial suavizado · ◌ = hueco del cierre detectado · pasá el cursor para detalles
Inputs por minuto
— O40 | Beber - - TmZ_Zanat
Build order — O40 | Beber
Primeras 150 de 440 acciones detectadas
| 0:00 | Crear | Villager (Male) |
| 0:01 | Crear | Villager (Male) |
| 0:01 | Crear | Villager (Male) |
| 0:02 | Construir | House |
| 0:04 | Construir | House |
| 0:30 | Crear | Villager (Male) |
| 0:30 | Crear | Villager (Male) |
| 1:26 | Crear | Villager (Male) |
| 1:57 | Construir | Lumber Camp |
| 2:03 | Crear | Villager (Male) |
| 2:03 | Crear | Villager (Male) |
| 2:28 | Crear | Villager (Male) |
| 2:29 | Crear | Villager (Male) |
| 2:48 | Crear | Villager (Male) |
| 2:48 | Crear | Villager (Male) |
| 3:09 | Construir | House |
| 3:13 | Crear | Villager (Male) |
| 3:13 | Crear | Villager (Male) |
| 3:35 | Crear | Villager (Male) |
| 3:36 | Crear | Villager (Male) |
| 3:53 | Crear | Villager (Male) |
| 3:54 | Crear | Villager (Male) |
| 4:03 | Construir | Mill |
| 4:43 | Crear | Villager (Male) |
| 4:43 | Crear | Villager (Male) |
| 4:46 | Crear | Villager (Male) |
| 4:46 | Crear | Villager (Male) |
| 5:19 | Construir | House |
| 5:30 | Construir | Palisade Wall |
| 5:38 | Construir | Palisade Wall |
| 5:41 | Construir | Palisade Wall |
| 5:54 | Crear | Villager (Male) |
| 5:54 | Crear | Villager (Male) |
| 5:54 | Crear | Villager (Male) |
| 5:55 | Crear | Villager (Male) |
| 5:55 | Crear | Villager (Male) |
| 6:04 | Crear | Villager (Male) |
| 6:04 | Crear | Villager (Male) |
| 6:31 | Construir | Mill |
| 6:37 | Crear | Villager (Male) |
| 6:37 | Crear | Villager (Male) |
| 6:43 | Construir | Farm |
| 6:54 | Construir | Farm |
| 6:58 | Crear | Villager (Male) |
| 6:59 | Crear | Villager (Male) |
| 7:50 | Crear | Villager (Male) |
| 7:51 | Crear | Villager (Male) |
| 7:51 | Crear | Villager (Male) |
| 8:04 | Construir | Mining Camp |
| 8:47 | Investigar | Feudal Age |
| 8:47 | Investigar | Feudal Age |
| 9:06 | Construir | Palisade Wall |
| 9:57 | Construir | Farm |
| 10:59 | Edad | Edad Feudal |
| 11:06 | Investigar | Castle Age |
| 11:29 | Investigar | Double-Bit Axe |
| 11:44 | Construir | Archery Range |
| 11:58 | Investigar | Horse Collar |
| 12:16 | Investigar | Town Watch |
| 12:17 | Crear | Villager (Male) |
| 12:17 | Crear | Villager (Male) |
| 12:21 | Crear | Skirmisher |
| 12:21 | Crear | Skirmisher |
| 12:31 | Construir | House |
| 12:35 | Construir | Palisade Wall |
| 12:47 | Construir | House |
| 12:57 | Construir | Farm |
| 13:05 | Crear | Skirmisher |
| 13:09 | Crear | Villager (Male) |
| 13:09 | Crear | Villager (Male) |
| 13:09 | Crear | Villager (Male) |
| 13:43 | Crear | Skirmisher |
| 13:43 | Crear | Skirmisher |
| 13:46 | Edad | Edad de los Castillos |
| 14:01 | Investigar | Loom |
| 14:01 | Investigar | Loom |
| 14:02 | Crear | Villager (Male) |
| 14:02 | Crear | Villager (Male) |
| 14:12 | Construir | Farm |
| 14:51 | Crear | Villager (Male) |
| 14:51 | Crear | Villager (Male) |
| 14:57 | Investigar | Elite Skirmisher (upgrade) |
| 14:57 | Crear | Skirmisher |
| 14:57 | Crear | Skirmisher |
| 15:36 | Construir | Town Center |
| 15:40 | Crear | Villager (Male) |
| 15:41 | Crear | Villager (Male) |
| 16:07 | Construir | Farm |
| 16:49 | Crear | Villager (Male) |
| 16:49 | Crear | Villager (Male) |
| 16:50 | Crear | Villager (Male) |
| 16:50 | Crear | Villager (Male) |
| 16:54 | Construir | Farm |
| 17:22 | Construir | Farm |
| 17:46 | Crear | Villager (Male) |
| 17:47 | Crear | Villager (Male) |
| 17:48 | Crear | Villager (Male) |
| 17:48 | Crear | Villager (Male) |
| 17:57 | Construir | Stable |
| 18:08 | Construir | Farm |
| 18:10 | Crear | Villager (Male) |
| 18:10 | Crear | Villager (Male) |
| 18:39 | Crear | Villager (Male) |
| 18:45 | Construir | Mining Camp |
| 18:54 | Crear | Villager (Male) |
| 18:54 | Crear | Villager (Male) |
| 19:07 | Construir | Farm |
| 19:08 | Construir | Farm |
| 19:18 | Crear | Villager (Male) |
| 19:19 | Construir | Farm |
| 19:33 | Construir | Farm |
| 19:40 | Crear | Villager (Male) |
| 19:40 | Crear | Villager (Male) |
| 19:49 | Construir | House |
| 19:51 | Crear | Villager (Male) |
| 20:05 | Crear | Knight |
| 20:12 | Construir | Farm |
| 20:19 | Construir | House |
| 20:19 | Construir | House |
| 20:19 | Construir | House |
| 20:20 | Construir | House |
| 20:20 | Construir | House |
| 20:25 | Crear | Villager (Male) |
| 20:35 | Construir | Farm |
| 20:39 | Crear | Knight |
| 20:52 | Crear | Villager (Male) |
| 20:52 | Crear | Villager (Male) |
| 20:56 | Construir | Farm |
| 21:03 | Crear | Knight |
| 21:12 | Crear | Skirmisher |
| 21:13 | Crear | Skirmisher |
| 21:13 | Crear | Skirmisher |
| 21:51 | Investigar | Bloodlines |
| 21:53 | Crear | Villager (Male) |
| 22:05 | Construir | Farm |
| 22:33 | Construir | Farm |
| 23:00 | Crear | Villager (Male) |
| 23:00 | Crear | Villager (Male) |
| 23:01 | Crear | Villager (Male) |
| 23:01 | Crear | Villager (Male) |
| 23:01 | Crear | Villager (Male) |
| 23:36 | Crear | Villager (Male) |
| 23:36 | Crear | Villager (Male) |
| 23:36 | Crear | Villager (Male) |
| 23:38 | Construir | Farm |
| 23:39 | Construir | Farm |
| 23:39 | Construir | Farm |
| 23:39 | Construir | Farm |
| 23:40 | Construir | Farm |
| 23:40 | Construir | Farm |
Build order — TmZ_Zanat
Primeras 150 de 412 acciones detectadas
| 0:00 | Crear | Villager (Male) |
| 0:01 | Crear | Villager (Male) |
| 0:01 | Crear | Villager (Male) |
| 0:01 | Crear | Villager (Male) |
| 0:01 | Crear | Villager (Male) |
| 0:03 | Construir | House |
| 0:04 | Construir | House |
| 1:17 | Crear | Villager (Male) |
| 1:18 | Crear | Villager (Male) |
| 1:30 | Crear | Villager (Male) |
| 1:30 | Crear | Villager (Male) |
| 1:50 | Construir | Settlement |
| 2:00 | Crear | Villager (Male) |
| 2:00 | Crear | Villager (Male) |
| 2:37 | Crear | Villager (Male) |
| 3:03 | Crear | Villager (Male) |
| 3:03 | Crear | Villager (Male) |
| 3:41 | Crear | Villager (Male) |
| 3:42 | Crear | Villager (Male) |
| 4:01 | Crear | Villager (Male) |
| 4:05 | Construir | Settlement |
| 4:21 | Crear | Villager (Male) |
| 4:21 | Crear | Villager (Male) |
| 4:56 | Crear | Villager (Male) |
| 5:10 | Crear | Villager (Male) |
| 5:31 | Crear | Villager (Male) |
| 5:44 | Crear | Villager (Male) |
| 6:08 | Investigar | Loom |
| 7:11 | Investigar | Feudal Age |
| 7:49 | Construir | Barracks |
| 8:27 | Construir | Settlement |
| 8:40 | Crear | Villager (Male) |
| 8:40 | Crear | Villager (Male) |
| 9:21 | Edad | Edad Feudal |
| 9:28 | Construir | Archery Range |
| 9:36 | Crear | Villager (Male) |
| 9:39 | Investigar | Double-Bit Axe |
| 10:00 | Construir | Palisade Gate |
| 10:04 | Construir | Palisade Wall |
| 10:07 | Construir | Palisade Wall |
| 10:08 | Construir | Palisade Wall |
| 10:11 | Crear | Villager (Male) |
| 10:28 | Crear | Archer |
| 10:28 | Crear | Archer |
| 10:43 | Construir | Blacksmith |
| 10:50 | Crear | Villager (Male) |
| 10:58 | Crear | Archer |
| 10:59 | Crear | Villager (Male) |
| 11:26 | Construir | Palisade Wall |
| 11:31 | Construir | Farm |
| 11:31 | Crear | Villager (Male) |
| 11:37 | Investigar | Fletching |
| 11:49 | Construir | Palisade Wall |
| 11:54 | Crear | Villager (Male) |
| 11:58 | Construir | Settlement |
| 12:07 | Crear | Archer |
| 12:34 | Crear | Archer |
| 12:43 | Construir | Farm |
| 12:43 | Construir | Farm |
| 12:48 | Construir | Farm |
| 12:48 | Construir | Farm |
| 13:00 | Crear | Archer |
| 13:06 | Construir | House |
| 13:09 | Construir | Palisade Wall |
| 13:11 | Crear | Villager (Male) |
| 13:28 | Construir | Farm |
| 13:37 | Crear | Villager (Male) |
| 14:14 | Crear | Villager (Male) |
| 14:14 | Crear | Villager (Male) |
| 14:17 | Crear | Villager (Male) |
| 14:19 | Construir | Farm |
| 14:22 | Construir | Farm |
| 14:42 | Investigar | Tech 1402 |
| 15:08 | Crear | Villager (Male) |
| 15:09 | Crear | Villager (Male) |
| 15:16 | Crear | Archer |
| 15:16 | Crear | Archer |
| 15:31 | Construir | Market |
| 15:41 | Crear | Villager (Male) |
| 15:41 | Crear | Villager (Male) |
| 15:46 | Construir | Farm |
| 15:48 | Construir | Farm |
| 15:51 | Construir | Farm |
| 15:52 | Crear | Villager (Male) |
| 16:00 | Construir | Archery Range |
| 16:21 | Construir | House |
| 16:23 | Construir | House |
| 16:28 | Construir | House |
| 16:29 | Construir | House |
| 16:30 | Construir | House |
| 16:37 | Crear | Unit 2550 |
| 16:37 | Crear | Unit 2550 |
| 17:09 | Investigar | Padded Archer Armor |
| 17:20 | Crear | Villager (Male) |
| 17:21 | Crear | Villager (Male) |
| 17:23 | Construir | Palisade Wall |
| 17:28 | Construir | Farm |
| 17:30 | Construir | Farm |
| 17:45 | Crear | Villager (Male) |
| 17:53 | Crear | Unit 2550 |
| 17:57 | Crear | Villager (Male) |
| 18:11 | Construir | Farm |
| 18:15 | Crear | Villager (Male) |
| 18:15 | Crear | Villager (Male) |
| 18:43 | Construir | Palisade Wall |
| 18:44 | Crear | Villager (Male) |
| 18:56 | Construir | Farm |
| 19:15 | Construir | Palisade Wall |
| 19:42 | Investigar | Castle Age |
| 20:07 | Crear | Villager (Male) |
| 20:07 | Crear | Villager (Male) |
| 20:27 | Crear | Archer |
| 20:27 | Crear | Archer |
| 20:27 | Crear | Archer |
| 20:28 | Crear | Archer |
| 20:28 | Crear | Archer |
| 20:55 | Investigar | Stone Mining |
| 20:57 | Investigar | Horse Collar |
| 21:00 | Investigar | Gold Mining |
| 21:58 | Construir | Palisade Wall |
| 22:22 | Edad | Edad de los Castillos |
| 22:26 | Investigar | Bodkin Arrow |
| 22:30 | Investigar | Crossbowman (upgrade) |
| 22:32 | Investigar | Leather Archer Armor |
| 22:35 | Crear | Spearman |
| 22:36 | Crear | Spearman |
| 22:36 | Crear | Spearman |
| 22:41 | Crear | Archer |
| 22:41 | Crear | Archer |
| 22:41 | Crear | Archer |
| 23:27 | Crear | Villager (Male) |
| 23:30 | Crear | Archer |
| 23:30 | Crear | Archer |
| 23:46 | Construir | Castle |
| 23:50 | Crear | Archer |
| 23:55 | Investigar | Squires |
| 24:13 | Construir | Palisade Wall |
| 24:20 | Crear | Villager (Male) |
| 24:20 | Crear | Villager (Male) |
| 24:20 | Crear | Villager (Male) |
| 25:29 | Crear | Villager (Male) |
| 25:29 | Crear | Villager (Male) |
| 25:59 | Crear | Villager (Male) |
| 26:00 | Crear | Villager (Male) |
| 26:15 | Crear | Villager (Male) |
| 26:15 | Crear | Villager (Male) |
| 26:41 | Construir | Castle |
| 27:04 | Construir | Castle |
| 27:10 | Crear | Archer |
| 27:10 | Crear | Archer |
Cronología de la partida
| 5:30 | O40 | Beber · wall_segment Palisade Wall x3 |
| 5:38 | O40 | Beber · wall_segment Palisade Wall x2 |
| 5:41 | O40 | Beber · wall_segment Palisade Wall x2 |
| 7:49 | TmZ_Zanat · first_building Barracks |
| 9:06 | O40 | Beber · wall_segment Palisade Wall x6 |
| 9:21 | TmZ_Zanat · age_up feudal |
| 9:28 | TmZ_Zanat · first_building Archery Range |
| 10:04 | TmZ_Zanat · wall_segment Palisade Wall x1 |
| 10:07 | TmZ_Zanat · wall_segment Palisade Wall x2 |
| 10:08 | TmZ_Zanat · wall_segment Palisade Wall x1 |
| 10:59 | O40 | Beber · age_up feudal |
| 11:26 | TmZ_Zanat · wall_segment Palisade Wall x8 |
| 11:44 | O40 | Beber · first_building Archery Range |
| 11:49 | TmZ_Zanat · wall_segment Palisade Wall x7 |
| 12:35 | O40 | Beber · wall_segment Palisade Wall x1 |
| 13:09 | TmZ_Zanat · wall_segment Palisade Wall x10 |
| 13:46 | O40 | Beber · age_up castle |
| 17:23 | TmZ_Zanat · wall_segment Palisade Wall x1 |
| 17:57 | O40 | Beber · first_building Stable |
| 18:06 | TmZ_Zanat · first_market_sell 100 wood |
| 18:08 | TmZ_Zanat · first_market_buy 100 food |
| 18:43 | TmZ_Zanat · wall_segment Palisade Wall x5 |
| 19:15 | TmZ_Zanat · wall_segment Palisade Wall x3 |
| 21:58 | TmZ_Zanat · wall_segment Palisade Wall x1 |
| 22:22 | TmZ_Zanat · age_up castle |
| 23:46 | TmZ_Zanat · first_building Castle |
| 24:13 | TmZ_Zanat · wall_segment Palisade Wall x1 |
| 25:11 | O40 | Beber · first_building Castle |
| 29:16 | O40 | Beber · first_building Siege Workshop |
| 29:45 | TmZ_Zanat · first_building Siege Workshop |
| 29:59 | TmZ_Zanat · first_building Monastery |
| 33:23 | TmZ_Zanat · wall_segment Palisade Wall x5 |
| 36:33 | TmZ_Zanat · wall_segment Palisade Wall x8 |
| 36:34 | TmZ_Zanat · wall_segment Palisade Wall x2 |
| 36:35 | TmZ_Zanat · wall_segment Palisade Wall x1 |
| 36:36 | TmZ_Zanat · wall_segment Palisade Wall x1 |
| 39:14 | TmZ_Zanat · age_up imperial |
| 43:24 | O40 | Beber · age_up imperial |
| 55:31 | O40 | Beber · resign |
[ ANÁLISIS IA · 1 CRÉDITO ]
¿Qué pasó realmente en esta partida?
Wolo.gg analiza cada decisión: build order, eco, micro, errores típicos por bracket. Análisis personalizado por WhatsApp o Discord en 30 segundos.
Guía civ
Jemeres
Guía mapa
Arabia
Perfil
Jugador #553264